 Dungeon Crawl Stone Soup version 0.19-a0-1532-g228a5d9 (webtiles) character file.

4094 epen the Martial Artist (level 10, -2/79 HPs)
             Began as a Merfolk Monk on Sept 13, 2016.
             Was a Priest of Cheibriados.
             Slain by a worker ant zombie (6 damage)
             ... on level 9 of the Dungeon.
             The game lasted 00:16:32 (7808 turns).

epen the Martial Artist (Merfolk Monk)              Turns: 7808, Time: 00:16:34

Health: -2/79      AC: 18    Str: 19    XL:     10   Next: 26%
Magic:  10/15      EV: 21    Int: 27    God:    Cheibriados [***...]
Gold:   177        SH:  0    Dex: 26    Spells: 1 memorised, 15 levels left

rFire  . . .     SeeInvis .     H - +4 quarterstaff (crush)
rCold  + + .     Gourm    .     A - +4 leather armour of Freedom {-Cast rElec rC++ Regen+}
rNeg   . . .     Faith    .     (shield currently unavailable)
rPois  .         Spirit   .     l - +2 hat {Int+3}
rElec  +         Dismiss  .     f - +2 cloak
rCorr  .         Reflect  .     (no gloves)
MR     .....     Harm     .     (no boots)
Stlth  +++....... NoCast   +    (no amulet)
                                o - +4 ring of protection
                                y - +4 ring of intelligence

@: very slow
A: change form in water, swift swim, stealthy swim, yellow scales 1
a: Bend Time, Temporal Distortion, Renounce Religion


You were on level 9 of the Dungeon.
You worshipped Cheibriados.
Cheibriados was most pleased with you.
You were not hungry.

You visited 2 branches of the dungeon, and saw 10 of its levels.

You collected 512 gold pieces.
You spent 335 gold pieces at shops.

Inventory:

Hand Weapons
 B - a +2 quarterstaff of protection
 H - a +4 quarterstaff of crushing (weapon)
Missiles
 C - 5 throwing nets (quivered)
Armour
 a - a +0 robe
 f - a +2 cloak (worn)
 l - a +2 hat of intelligence (worn)
 u - a +0 ring mail
 w - a +1 leather armour
 A - the +4 leather armour of Freedom (worn) {-Cast rElec rC++ Regen+}
   (You bought it in a shop on level 6 of the Dungeon)

   It greatly protects you from cold.
   It insulates you from electricity.
   It prevents spellcasting.
   It increases your rate of regeneration.
Jewellery
 o - a +4 ring of protection (right hand)
 t - the ring "Mothorig" {rC++ MP+9 Int+6 Dex-3}
   (You bought it in a shop on level 4 of the Dungeon)

   [ring of magical power]

   It affects your intelligence (+6).
   It affects your dexterity (-3).
   It greatly protects you from cold.
   It affects your magic capacity (+9).
 y - a +4 ring of intelligence (left hand)
 E - an uncursed ring of protection from cold
Wands
 G - a wand of acid (9/15)
Scrolls
 e - a scroll of teleportation
 i - 4 scrolls of remove curse
 p - 3 scrolls of recharging
 r - 3 scrolls of identify
 s - 2 scrolls of blinking
 F - a scroll of enchant armour
Potions
 c - 3 potions of haste
 d - a potion of heal wounds
 g - 4 potions of flight
 h - a potion of resistance
 j - 2 potions of agility
 m - 5 potions of curing
 n - 2 potions of berserk rage {unknown}
Books
 D - a book of Party Tricks

   Spells                             Type                      Level
   a - Summon Butterflies             Summoning                    1
   b - Apportation                    Translocation                1
   c - Tukima's Dance                 Hexes                        3
   d - Alistair's Intoxication        Transmutation/Poison         5
   e - Invisibility                   Hexes                        6
Comestibles
 b - 11 bread rations
 k - 4 fruits
 q - 9 beef jerkies
 v - a meat ration
 x - a slice of pizza
 z - 2 royal jellies


   Skills:
 + Level 7.2 Fighting
 + Level 9.1 Dodging
 - Level 2.1 Stealth
 + Level 9.6 Unarmed Combat
 + Level 3.8 Spellcasting
 + Level 3.1 Translocations
 * Level 6.1 Invocations


You had 15 spell levels left.
You knew the following spells:

 Your Spells              Type           Power        Failure   Level  Hunger
a - Apportation           Tloc           ###.......   2%          1    None


Dungeon Overview and Level Annotations

Branches:
Dungeon (9/15)             Temple (1/1) D:4
   Lair: D:8-11         Orc: D:9-12

Altars:
Ashenzari
Cheibriados
Dithmenos
Elyvilon
Fedhas
Gozag
Hepliaklqana
Kikubaaqudgha
Makhleb
Nemelex Xobeh
Okawaru
Qazlal
Ru
Trog
Uskayaw
Vehumet
Xom
Yredelemnul
Zin
The Shining One
Lugonu

Shops:
D:4 *   D:6 [   D:8 ?(=*[


Innate Abilities, Weirdness & Mutations

You revert to your normal form in water.
You are very nimble and swift while swimming.
You are very stealthy in the water.
You are partially covered in yellow scales. (AC +2)


Message History

There is a stone staircase leading up here.
You thump the giant frog!
The giant frog is almost dead.
The giant frog hits you but does no damage.
The giant frog closely misses you.
You sock the giant frog!
You kill the giant frog!
Cheibriados appreciates the change of pace.
The troll closely misses you. x2; The troll claws you.
* * * LOW HITPOINT WARNING * * *
You can feel time thicken for a moment.
You kill the shadow imp!
Cheibriados thoroughly appreciates the change of pace.
You feel somewhat more hungry.
You can no longer inflict damage on those overly hasty.
Cheibriados lowers the support of your attributes as your movement quickens.
The troll bites you!
* * * LOW HITPOINT WARNING * * *
The troll completely misses you. x2; The worker ant zombie bites you.
You die...

#.# ... #<#########
#.#
#.##......####.#
#>.............#
#...####.####..####
##..##.....##.....#
#..#.......#..#
#..#.......#..####
##....._......T@.#
#.#.......#.###Z.#
#.#.......#.# #.#
#.##.....##.. ...
.####.####..# ###
.... ...# ##.. ...#
# ###


You could see a troll and a worker ant zombie.

Vanquished Creatures
  The ghost of teron the Quickloader, a novice KoHu of Okawaru (D:8)
  A cyclops (D:8)
  A wyvern (D:8)
  An orc warrior (D:7)
  2 ice beasts (D:8)
  A black bear (D:5)
  2 sky beasts
  3 ogres
  A centaur (D:8)
  A big kobold (D:8)
  Blork the orc (D:6)
  7 giant frogs
  3 scorpions
  6 killer bees (D:7)
  2 howler monkeys (D:7)
  A crimson imp (D:8)
  4 giant frog zombies
  2 quasits
  2 jellies
  A giant frog skeleton (D:7)
  2 hounds
  An orc priest (D:3)
  2 centaur skeletons
  2 iguanas
  An orc wizard (D:4)
  8 worker ants
  A hound skeleton (D:7)
  A howler monkey skeleton (D:4)
  4 gnolls (D:7)
  7 adders
  3 shadow imps
  2 oozes
  An adder zombie (D:5)
  2 worms
  2 dart slugs
  5 giant geckos
  16 orcs
  9 bats
  2 giant cockroaches
  9 goblins
  5 hobgoblins
  15 jackals
  15 kobolds
  3 quokkas
  2 ball pythons
  4 giant newts
  A jackal skeleton (D:6)
  16 rats
184 creatures vanquished.

Notes
Turn   | Place    | Note
-------+----------+-------------------------------------------
     0 | D:1      | epen the Merfolk Monk began the quest for the Orb.
     0 | D:1      | Reached XP level 1. HP: 18/18 MP: 1/1
    31 | D:1      | Reached XP level 2. HP: 24/24 MP: 2/2
   292 | D:1      | Reached XP level 3. HP: 26/29 MP: 3/3
  1301 | D:2      | Found a bloodstained altar of Trog.
  1423 | D:2      | Reached XP level 4. HP: 17/37 MP: 4/4
  2334 | D:3      | Gained mutation: You are partially covered in yellow scales. (AC +2) [potion of beneficial mutation]
  2387 | D:3      | Reached skill level 5 in Unarmed Combat
  2387 | D:3      | Reached XP level 5. HP: 33/42 MP: 5/5
  2619 | D:3      | Reached skill level 5 in Dodging
  3017 | D:3      | Found a hazy altar of Hepliaklqana.
  3192 | D:4      | Found a staircase to the Ecumenical Temple.
  3206 | Temple   | Entered the Ecumenical Temple
  3434 | D:4      | Reached XP level 6. HP: 37/49 MP: 6/6
  4080 | D:4      | Found Vavim's Assorted Antiques.
  4086 | D:4      | Bought an ancient brass ring for 125 gold pieces
  4086 | D:4      | Identified the ring "Mothorig" {rC++ MP+9 Int+6 Dex-3} (You bought it in a shop on level 4 of the Dungeon)
  4214 | D:4      | Found a sparkling altar of Nemelex Xobeh.
  4335 | D:5      | Entered Level 5 of the Dungeon
  4417 | D:5      | Reached XP level 7. HP: 48/55 MP: 7/7
  4497 | D:5      | Identified a scroll of acquirement
  4628 | D:5      | Found a shimmering altar of Xom.
  4629 | D:5      | Found a glowing golden altar of the Shining One.
  4965 | D:5      | Reached skill level 5 in Fighting
  5088 | D:5      | Found a blossoming altar of Fedhas.
  5297 | D:6      | Found Zunn's Antique Armour Emporium.
  5328 | D:6      | Reached XP level 8. HP: 53/63 MP: 8/8
  5385 | D:6      | Found a snail-covered altar of Cheibriados.
  5419 | D:6      | Became a worshipper of Cheibriados the Contemplative
  5419 | D:6      | Reached * piety under Cheibriados
  5419 | D:6      | Reached ** piety under Cheibriados
  5477 | D:6      | Noticed Blork the orc
  5484 | D:6      | Killed Blork the orc
  5606 | D:6      | Bought a shimmering leather armour for 210 gold pieces
  5617 | D:6      | Identified the +4 leather armour of Freedom {-Cast rElec rC++ Regen+} (You bought it in a shop on level 6 of the Dungeon)
  5754 | D:6      | Learned a level 1 spell: Apportation
  5932 | D:6      | Reached skill level 1 in Invocations
  5941 | D:6      | Found a stormy altar of Qazlal.
  5966 | D:6      | Reached skill level 1 in Spellcasting
  6037 | D:7      | Reached skill level 1 in Translocations
  6283 | D:7      | Reached *** piety under Cheibriados
  6302 | D:7      | Reached XP level 9. HP: 62/69 MP: 11/11
  6832 | D:8      | Found Ikhiynloch's Assorted Antiques.
  6835 | D:8      | Found a basalt altar of Yredelemnul.
  6869 | D:8      | Found Hodghoys's Armour Emporium.
  6873 | D:8      | Noticed teron's ghost (novice KoHu)
  6905 | D:8      | Killed teron's ghost
  7044 | D:8      | Reached skill level 5 in Invocations
  7121 | D:8      | Noticed a cyclops
  7260 | D:8      | Reached XP level 10. HP: 79/79 MP: 14/14
  7273 | D:8      | Found Ojein's Jewellery Shoppe.
  7312 | D:8      | Found Joun's Antique Weapon Shop.
  7323 | D:8      | Reached **** piety under Cheibriados
  7364 | D:8      | Killed a cyclops
  7495 | D:8      | Found Loaw's Magic Scroll Emporium.
  7691 | D:8      | Found a radiant altar of Vehumet.
  7692 | D:8      | Found a burning altar of Makhleb.
  7782 | D:9      | Found a shattered altar of Ashenzari.
  7808 | D:9      | Slain by a worker ant zombie

Vault maps used:
D:1:      erik_arrival_orb_chamber, grunt_decor_arrowhead, minivault_4,
          minmay_tripent
D:2:      lemuel_round_altar
D:3:      lemuel_coloured_pillars_altar, first_bread
D:4:      kennysheep_mini, serial_shops, shop_statue
D:5:      black_bear_nest_2, fedhas_altar_4, nicolae_overflow_hidden_temple
D:6:      kennysheep_little_box, basic_altar, serial_shops, nicolae_shop_trees,
          uniq_blork_the_orc
D:8:      grunt_temple_overflow_lords_of_destruction, overflow_temple_1_default,
          serial_shops, nicolae_shop_stone, shop, shop, nicolae_shop_trees,
          nicolae_shop_crystal, grunt_ogre_cave, minmay_sticks_and_stones
D:9:      led_sif_pool, old_standard_altar, hiddenorc1_lemuel, minmay_holes
Temple:   corrupted_temple

Skill      XL: |  1  2  3  4  5  6  7  8  9 10 |
---------------+-------------------------------+-----
Unarmed Combat | 4 5 6 7 8 9 |  9.6
Fighting       | 4 5 6 7 |  7.2
Dodging        | 5 6 7 8 9 |  9.1
Invocations    | 2 5 6 |  6.1
Spellcasting   | 1 3 |  3.8
Translocations | 1 2 3 |  3.1
Stealth        | |  2.1

Action                   |  1- 3 |  4- 6 |  7- 9 | 10-12 || total
-------------------------+-------+-------+-------+-------++-------
Melee: Unarmed           |   142 |   247 |   127 |       ||   516
       Punch             |     2 |     6 |     5 |       ||    13
       Quarterstaff      |       |       |   314 |    56 ||   370
Invok: Slouch            |       |       |       |     1 ||     1
  Use: Scroll            |     5 |     5 |     8 |     1 ||    19
       Potion            |       |     1 |       |       ||     1
 Stab: Sleeping          |     5 |     6 |    12 |     1 ||    24
       Distracted        |       |     2 |     1 |       ||     3
  Eat: Chunk             |     2 |     8 |     8 |     1 ||    19
Armor: Robe              |    25 |    49 |       |       ||    74
       Ring mail         |       |    13 |       |       ||    13
       Leather armour    |       |     2 |   196 |    19 ||   217
Dodge: Dodged            |   115 |   151 |   530 |    90 ||   886
